Map: Dusty Gorge

Players

TyC

  • Race: Terran Terran
  • Spawn Location: 9:00

qwertyisme

  • Race: Terran Terran
  • League: Platinum
  • Spawn Location: 11:00

OpuS - Winner!

  • Race: Protoss Protoss
  • League: Platinum
  • Spawn Location: 3:00

Sketchaphone - Winner!

  • Race: Zerg Zerg
  • League: Platinum
  • Spawn Location: 5:00

VOD

Have the link to the VOD?

Description

Time

  • Played on: Feb. 26, 2019, 8:21 p.m.
  • Length: 18:50
Show
View Real Time Build Order
Export as new Build Order

TyC Terran 

Build Orders: Gas First Reaper Expand 

Get SALT Encoding   

  12  0:01  SCV  
  13  0:17  Supply Depot  
  13  0:18  SCV  
  14  0:30  SCV  
  14  0:32  Refinery  
  15  0:42  SCV  
  16  0:47  Barracks  
  16  0:54  SCV  
  17  1:06  SCV  
  18  1:18  SCV  
  19  1:34  Orbital Command  
  19  1:35  Reaper  
  20  1:50  Command Center  
  20  2:11  Factory  
  20  2:22  Refinery, SCV  
  21  2:23  Barracks Reactor  
  20  2:37  SCV  
  21  2:51  Supply Depot  
  21  2:54  SCV  
  22  3:03  Factory  
  23  3:08  Orbital Command, SCV  
  23  3:10  Barracks Tech Lab  
  22  3:18  Hellion x2  
  26  3:42  Hellion x2  
  30  3:57  Siege Tank  
  30  4:00  Supply Depot  
  33  4:03  SCV  
  33  4:04  Refinery, SCV  
  35  4:16  SCV x2  
  37  4:20  Refinery  
  37  4:29  Hellion x2  
  41  4:39  Hellion  
  41  4:52  Hellion x2  
  45  5:00  Hellion  
  47  5:11  SCV  
  47  5:12  SCV  
  47  5:14  Hellion x2  
  53  5:26  Supply Depot  
  53  5:29  Siege Tank  
  53  5:30  Supply Depot  
  56  5:49  Supply Depot  
  51  6:04  Siege Tank  
  51  6:08  Supply Depot  
  51  6:09  SCV  
  51  6:10  SCV  
  56  6:21  SCV  
  56  6:22  SCV  
  56  6:23  Armory  
  58  6:34  SCV  
  58  6:36  Siege Tank, SCV  
  63  6:41  Supply Depot  
  63  6:46  SCV  
  64  6:48  SCV  
  65  6:57  Hellion x2  
  65  6:58  SCV  
  65  7:00  Infernal Pre-Igniter  
  64  7:09  Hellion  
  66  7:18  Widow Mine  
  66  7:22  Command Center  
  68  7:23  SCV x2  
  70  7:31  Terran Vehicle Weapons Level 1  
  70  7:35  SCV x2  
  72  7:47  SCV  
  73  7:52  SCV  
  70  8:08  Siege Tank  
  70  8:10  Hellion x2  
  77  8:14  Factory x2  
  77  8:19  SCV x2  
  75  8:31  SCV  
  74  8:37  Hellion x2  
  76  8:45  Hellion  
  72  8:59  Hellion, Widow Mine  
  76  9:06  SCV  
  75  9:14  Factory Tech Lab x2  
  75  9:16  Hellion  
  77  9:20  Hellion  
  77  9:24  Supply Depot  
  79  9:33  Siege Tank x2  
  79  9:36  SCV  
  79  9:37  SCV  
  79  9:38  Orbital Command  
  87  9:48  Supply Depot  
  87  10:01  SCV x2  
  87  10:03  Terran Vehicle Weapons Level 2  
  87  10:05  Armory  
  89  10:08  Starport  
  89  10:10  Siege Tank x2  
  89  10:11  Factory  
  89  10:12  Hellion x3  
  99  10:33  Hellion x2  
  99  10:35  SCV x2  
  105  10:36  SCV  
  105  10:42  Hellion x2  
  110  10:47  SCV x2  
  110  10:49  Starport Reactor  
  112  10:52  Drilling Claws  
  116  10:57  Hellion x2  
  116  11:06  Command Center  
  116  11:07  Supply Depot  
  116  11:09  Supply Depot  
  116  11:10  Factory Tech Lab  
  116  11:13  Terran Vehicle And Ship Armor Level 1  
  116  11:29  Hellion x2, Siege Tank  
  116  11:31  Siege Tank  
  126  11:34  Hellion x2  
  126  11:50  Hellion, Siege Tank  
  127  11:55  Siege Tank  
  123  12:07  Hellion x2  
  123  12:08  Hellion  
  129  12:11  Orbital Command  
  119  12:16  Hellion  
  119  12:22  Hellion, Viking x2  
  113  12:28  Hellion  
  113  12:29  Hellion  
  113  12:34  Hellion x2  
  117  12:41  Terran Vehicle Weapons Level 3  
  117  12:42  Starport  
  117  12:52  Viking  
  119  13:04  SCV x3  
  122  13:08  Viking  
  122  13:12  Hellion x3  
  130  13:14  Command Center  
  130  13:16  SCV  
  131  13:22  Viking  
  131  13:26  Starport Tech Lab  
  133  13:28  Terran Vehicle And Ship Armor Level 2  
  133  13:54  Refinery x2  
  133  14:01  SCV x2, Viking x2  
  127  14:08  Siege Tank  
  127  14:09  Siege Tank  
  128  14:19  Hellion x2  
  128  14:23  Hellion x2  
  130  14:38  Hellion x5  
  130  14:40  Hellion, Engineering Bay  
  132  14:48  Supply Depot  
  132  14:51  Viking x2, Supply Depot  
  132  14:52  Hellion x2  
  140  15:09  Hellion x2  
  140  15:10  Hellion x2  
  140  15:13  Hellion x2  
  110  15:30  Hellion x2  
  110  15:31  Hellion x2  
  115  15:44  Command Center  
  115  15:48  Missile Turret  
  115  15:49  Missile Turret  
  113  16:16  Siege Tank x2  
  113  16:17  Siege Tank  
  122  16:19  Viking x2  
  123  16:29  Viking  
  123  16:32  Thor  
  123  16:39  SCV  
  121  16:40  SCV  
  122  16:47  Thor  
  122  16:49  Viking  
  122  16:52  Medivac  
  136  16:54  Hellion x2  
  136  16:59  Medivac  
  136  17:28  Hellion x10  
  132  17:46  Widow Mine, Command Center  
  134  18:24  Widow Mine  
  134  18:25  Widow Mine  
Show
View Real Time Build Order
Export as new Build Order

qwertyisme Terran 

Build Orders:  

Get SALT Encoding   

  12  0:01  SCV  
  13  0:13  SCV  
  14  0:18  Supply Depot  
  14  0:25  SCV  
  15  0:40  SCV  
  16  0:42  Barracks  
  16  0:53  SCV  
  17  1:05  SCV  
  18  1:18  SCV  
  19  1:22  Command Center  
  19  1:31  Orbital Command  
  19  1:48  Marine  
  19  1:51  Refinery  
  19  1:52  Refinery  
  20  1:57  Supply Depot  
  20  1:58  SCV  
  21  2:11  SCV  
  22  2:24  SCV  
  23  2:34  Orbital Command  
  23  2:35  Refinery  
  23  2:36  SCV  
  24  2:43  Refinery  
  24  2:46  Factory  
  24  2:56  SCV  
  25  3:01  SCV  
  26  3:21  SCV x2  
  28  3:32  Starport  
  28  3:34  Starport, Marine  
  29  3:35  SCV x2  
  31  3:51  Supply Depot  
  31  3:54  Marine  
  32  3:56  SCV x2  
  34  4:11  Fusion Core  
  34  4:12  Starport Tech Lab x2  
  34  4:16  SCV  
  34  4:17  Marine, SCV  
  37  4:25  Hellion  
  35  4:36  Marine  
  19  4:47  Hellion  
  17  4:57  SCV x2  
  19  5:03  Banshee x2  
  25  5:15  SCV  
  25  5:18  SCV  
  27  5:29  Marine, SCV  
  27  5:32  Supply Depot  
  27  5:33  Weapon Refit  
  31  5:43  Widow Mine  
  31  5:46  Cloaking Field  
  31  5:47  Factory  
  30  5:57  Marine  
  30  6:00  Starport Reactor  
  31  6:16  SCV x2  
  31  6:18  Factory Reactor  
  33  6:20  Liberator  
  33  6:26  Banshee  
  33  6:29  Marine  
  37  6:34  Factory Tech Lab  
  37  6:39  SCV x2  
  42  6:54  Marine  
  42  6:55  Widow Mine  
  42  6:56  Widow Mine  
  42  7:00  SCV x2  
  42  7:01  Siege Tank  
  52  7:07  Engineering Bay  
  52  7:12  SCV x2  
  54  7:20  Supply Depot  
  54  7:22  Marine  
  55  7:40  Marine  
  56  7:47  Terran Infantry Weapons Level 1  
  56  7:49  Barracks  
  56  7:50  Barracks  
  56  7:51  SCV x2, Supply Depot  
  61  8:01  Liberator x2  
  61  8:13  Marine  
  61  8:14  Hellion  
  61  8:15  Widow Mine  
  61  8:16  Siege Tank  
  69  8:32  SCV x2  
  71  8:37  Marine  
  71  8:38  Barracks Reactor  
  71  8:39  Barracks Tech Lab  
  70  8:50  Armory, SCV x2  
  70  8:54  Marine  
  73  9:02  Siege Tank  
  76  9:12  Marine x2  
  78  9:28  Supply Depot  
  78  9:30  Marine, SCV x2  
  78  9:31  Widow Mine x2  
  85  9:33  Marine  
  86  9:43  Medivac, Marine  
  89  9:47  Supply Depot  
  89  9:49  Terran Infantry Armor Level 1  
  89  9:55  Stimpack  
  89  10:26  Command Center  
  89  10:36  Marine x2  
  89  10:39  Marine  
  89  10:40  Marauder  
  94  10:43  Hellion  
  94  10:44  Hellion, Siege Tank  
  101  11:05  Marine x2  
  101  11:07  Marauder  
  101  11:08  SCV x2  
  107  11:21  SCV x2  
  109  11:26  Siege Tank  
  112  11:43  Terran Infantry Weapons Level 2  
  112  11:49  SCV x3  
  112  11:51  Drilling Claws  
  115  12:07  Marine x2  
  117  12:09  Marauder  
  119  12:16  Barracks Reactor  
  106  12:30  Marine x3  
  106  12:32  Siege Tank  
  106  12:33  Hellion x2  
  106  12:34  Medivac, Viking x2  
  119  12:48  Marine x2  
  119  12:49  Marauder  
  123  13:03  Marine x2  
  123  13:04  Hellion  
  123  13:05  Hellion, Siege Tank  
  132  13:07  Orbital Command  
  132  13:12  Combat Shield  
  132  13:15  Engineering Bay  
  132  13:19  Marauder, Supply Depot  
  134  13:22  Supply Depot x2  
  128  14:03  SCV x2  
  113  14:26  Marauder, Marine x2  
  113  14:27  Siege Tank  
  113  14:28  Viking x3  
  113  14:29  Marine x2  
  123  14:43  Terran Infantry Weapons Level 3, Marine, SCV x2  
  123  14:45  Terran Infantry Armor Level 2  
  116  14:48  Marauder  
  116  14:49  Marine x2  
  116  14:51  Concussive Shells  
  120  14:55  Command Center  
  120  14:57  Refinery  
  120  14:58  SCV  
  120  14:59  Siege Tank, SCV  
  125  15:02  Marine x2  
  127  15:09  Marauder  
  127  15:11  Marine x2  
  127  15:13  Hellion x2  
  127  15:14  Medivac  
  128  15:31  Marauder, Siege Tank  
  102  15:45  Marine x4  
  99  15:51  Hellion x2  
  99  15:52  Medivac, Marauder  
  99  15:54  SCV x2  
  109  16:03  Siege Tank  
  103  16:06  SCV  
  92  16:17  Marine x4  
  95  16:18  Marauder  
  95  16:19  Hellion  
  95  16:21  SCV  
  98  16:28  Refinery  
  98  16:35  Marine x2  
  98  16:36  Marine x2  
  98  16:39  Marine  
  103  16:53  Marine x2  
  103  16:54  Marine x2  
  105  16:57  Marine  
  108  17:07  Siege Tank  
  108  17:08  Viking x3  
  114  17:11  Marine x2  
  115  17:18  SCV  
  115  17:19  SCV x2  
  118  17:25  Missile Turret  
  118  17:26  Sensor Tower  
  116  17:30  SCV  
  116  17:31  SCV  
  116  17:32  Marine x2  
  116  17:33  Marauder, Marine x2  
  124  17:39  Siege Tank  
  59  18:13  Marine x4  
  59  18:14  Marauder, Siege Tank  
  64  18:23  SCV  
  67  18:30  Marine  
Show
View Real Time Build Order
Export as new Build Order

OpuS Protoss - Winner!

Build Orders:  

Get SALT Encoding   

  12  0:01  Probe  
  13  0:13  Probe  
  14  0:25  Pylon, Probe  
  15  0:44  Gateway  
  15  0:47  Probe  
  16  0:52  Assimilator  
  16  0:54  Assimilator  
  16  0:55  Probe  
  17  1:05  Pylon  
  17  1:20  Probe  
  17  1:23  Gateway  
  18  1:33  Zealot  
  18  1:39  Cybernetics Core  
  20  1:42  Probe  
  21  1:55  Probe  
  21  2:01  Zealot x2  
  24  2:15  Warp Gate  
  26  2:16  Probe  
  27  2:26  Pylon  
  27  2:29  Probe  
  27  2:35  Stalker  
  29  2:52  Stalker  
  29  2:54  Probe  
  32  3:16  Probe  
  32  3:18  Nexus  
  31  3:37  Pylon  
  31  3:41  Robotics Facility  
  31  3:43  Twilight Council  
  31  4:03  Stalker x2  
  31  4:04  Probe  
  36  4:16  Probe  
  37  4:32  Probe x2  
  37  4:37  Stalker x2  
  43  4:40  Charge  
  43  4:44  Probe x2  
  39  5:01  Stalker x2  
  39  5:02  Probe x2  
  43  5:07  Gateway  
  43  5:10  Gateway  
  43  5:19  Probe  
  43  5:20  Probe  
  45  5:26  Immortal  
  47  5:53  Stalker, Probe x2  
  47  5:54  Stalker  
  47  6:05  Observer  
  47  6:06  Forge  
  47  6:10  Stalker x2  
  48  6:14  Pylon  
  48  6:15  Probe x2  
  50  6:26  Assimilator  
  50  6:27  Probe x2  
  50  6:30  Assimilator, Gateway  
  50  6:32  Gateway  
  52  6:36  Stalker  
  52  6:37  Stalker  
  52  6:39  Probe  
  57  6:54  Stalker x2  
  59  6:55  Probe x2  
  63  7:07  Probe x2  
  65  7:15  Pylon  
  65  7:20  Photon Cannon  
  65  7:22  Zealot x2, Robotics Bay  
  69  7:24  Pylon  
  69  7:26  Pylon  
  69  7:27  Pylon  
  69  7:28  Probe  
  70  7:33  Photon Cannon, Probe  
  71  7:40  Zealot x2  
  75  7:46  Blink  
  75  7:52  Photon Cannon  
  74  8:00  Observer  
  68  8:06  Stalker x3  
  66  8:25  Probe x2  
  64  8:35  Colossus  
  64  8:37  Probe  
  65  8:51  Photon Cannon  
  65  8:53  Extended Thermal Lance  
  65  9:21  Nexus  
  65  9:25  Probe x2  
  65  9:29  Colossus  
  67  9:32  Protoss Ground Weapons Level 1  
  67  9:36  Gateway  
  67  9:37  Gateway  
  73  9:39  Pylon  
  73  9:42  Pylon  
  73  9:45  Pylon  
  73  9:48  Assimilator  
  73  9:51  Stalker x2  
  77  9:53  Stalker, Assimilator  
  77  9:59  Photon Cannon  
  79  10:04  Photon Cannon  
  79  10:14  Colossus  
  79  10:24  Templar Archives  
  79  10:26  Probe x2  
  87  10:32  Stalker  
  89  10:38  Probe  
  90  10:47  Probe x2  
  90  10:48  Stalker  
  90  10:49  Stalker x2  
  96  11:02  Colossus  
  102  11:16  Probe x2, Photon Cannon  
  104  11:18  Photon Cannon  
  104  11:21  Photon Cannon  
  104  11:28  Zealot x4  
  112  11:42  Psionic Storm  
  112  11:53  Colossus  
  118  12:02  Zealot  
  118  12:03  Zealot x6  
  118  12:05  Zealot  
  76  12:35  Stalker x5  
  76  12:36  Stalker  
  88  12:37  Stalker x2  
  88  12:38  Probe x3  
  95  12:50  Protoss Ground Weapons Level 2  
  95  12:55  Colossus  
  101  13:10  Dark Shrine  
  101  13:12  Probe x3  
  104  13:24  Probe  
  105  13:30  Zealot x4  
  105  13:31  Zealot x4  
  121  13:42  Gateway  
  121  13:44  Gateway  
  121  13:51  Colossus  
  117  14:03  High Templar  
  117  14:04  High Templar x4  
  117  14:33  High Templar x3  
  115  14:50  Gateway  
  115  14:51  Forge, Gateway  
  115  14:55  Zealot x6  
  115  14:56  Zealot, Forge  
  129  15:07  Colossus  
  123  15:26  Archon x2  
  123  15:27  Archon  
  97  15:37  Zealot x4  
  97  15:38  Zealot x6  
  103  15:45  Protoss Ground Weapons Level 3  
  103  15:46  Protoss Shields Level 1, Protoss Ground Armor Level 1  
  103  15:59  Nexus  
  91  16:12  High Templar  
  91  16:13  High Templar x2  
  91  16:14  High Templar x2  
  91  16:15  High Templar  
  91  16:17  High Templar  
  97  16:23  Pylon  
  97  16:25  Pylon  
  97  16:31  Stalker x4  
  105  16:39  Dark Templar  
  107  16:47  Zealot x2  
  107  16:48  Zealot  
  107  16:49  Zealot  
  107  16:54  Dark Templar  
  117  16:57  High Templar  
  117  16:58  Colossus  
  117  17:00  Zealot  
  121  17:13  Probe x2  
  129  17:21  High Templar  
  129  17:22  Zealot  
  131  17:23  Zealot  
  133  17:52  Immortal  
  113  18:09  Archon x2  
  107  18:20  Zealot x6  
  107  18:21  Zealot x3  
  107  18:22  Zealot x3  
  135  18:36  Probe x4  
  135  18:40  Assimilator  
  135  18:44  Assimilator  
Show
View Real Time Build Order
Export as new Build Order

Sketchaphone Zerg - Winner!

Build Orders: Pool First 

Get SALT Encoding   

  12  0:01  Drone  
  13  0:13  Overlord  
  13  0:19  Drone  
  14  0:22  Extractor  
  14  0:23  Drone  
  15  0:31  Drone  
  15  0:34  Drone  
  17  0:50  Spawning Pool  
  17  0:53  Drone, Extractor  
  16  1:00  Drone  
  17  1:22  Hatchery  
  17  1:23  Drone  
  17  1:27  Drone  
  18  1:39  Zergling x2  
  19  1:46  Overlord  
  19  1:54  Metabolic Boost  
  19  1:57  Drone  
  19  2:00  Drone  
  21  2:06  Queen  
  24  2:15  Zergling x2  
  24  2:23  Baneling Nest  
  24  2:24  Drone  
  24  2:32  Zergling x2  
  25  2:40  Zergling x2  
  26  2:50  Zergling x4  
  28  2:52  Queen  
  28  2:55  Overlord  
  28  2:56  Zergling x2  
  31  3:10  Zergling x2  
  32  3:15  Zergling x2  
  32  3:18  Zergling x2  
  32  3:19  Zergling x2  
  35  3:37  Baneling x3  
  35  3:39  Baneling x3  
  35  3:40  Zergling x4  
  35  3:41  Zergling x2  
  38  3:46  Baneling  
  38  3:52  Zergling x6  
  41  4:00  Zergling x2  
  41  4:01  Overlord  
  42  4:13  Overlord  
  42  4:15  Overlord  
  42  4:31  Hatchery  
  37  4:38  Drone  
  37  4:41  Lair  
  37  4:44  Drone x5  
  41  5:02  Drone x4  
  39  5:15  Baneling x5  
  39  5:16  Zergling x6  
  39  5:18  Zergling x2  
  39  5:19  Zergling x2  
  43  5:25  Zergling x2  
  43  5:26  Zergling x2  
  45  5:31  Queen  
  45  5:33  Drone  
  45  5:34  Drone  
  48  5:57  Zergling x14  
  53  6:06  Centrifical Hooks  
  53  6:07  Extractor  
  51  6:20  Queen  
  51  6:21  Drone x2  
  55  6:27  Drone x7  
  55  6:28  Evolution Chamber  
  55  6:32  Drone x2  
  62  6:41  Burrow  
  62  6:42  Zergling x6  
  62  7:02  Baneling  
  58  7:17  Zergling x6  
  58  7:18  Zergling x4  
  58  7:20  Zerg Ground Armor Level 1  
  63  7:23  Drone, Extractor  
  63  7:24  Drone x7  
  63  7:25  Extractor  
  69  7:32  Spore Crawler  
  69  7:35  Spore Crawler  
  67  7:39  Zergling x6  
  67  7:44  Overlord  
  70  7:46  Zergling x2  
  71  8:02  Baneling  
  71  8:03  Baneling x12  
  71  8:04  Zergling x14  
  78  8:11  Zergling x4  
  80  8:29  Zergling x4  
  80  8:30  Overlord x2  
  74  8:51  Drone x2  
  74  8:52  Overlord  
  74  8:54  Evolution Chamber  
  75  8:57  Queen  
  75  9:00  Drone x7  
  75  9:01  Spore Crawler  
  83  9:23  Spire  
  82  9:25  Drone x8  
  82  9:26  Extractor  
  82  9:30  Extractor  
  88  9:33  Overlord x3  
  88  9:40  Overlord  
  88  9:49  Baneling  
  88  9:50  Baneling x16  
  88  9:51  Baneling x2  
  88  9:52  Zergling x4  
  90  9:53  Zergling x12  
  90  9:54  Hatchery  
  90  9:57  Pneumatized Carapace  
  95  10:04  Zerg Ground Armor Level 2  
  95  10:06  Infestation Pit, Zerg Melee Weapons Level 1  
  94  10:19  Spore Crawler, Drone x6  
  97  10:38  Queen  
  97  10:40  Spore Crawler  
  98  11:17  Zergling x8  
  96  11:37  Queen  
  97  11:40  Zergling x10  
  97  11:41  Corruptor x3  
  97  11:43  Zerg Flyer Armor Level 1  
  107  11:49  Drone x2  
  107  12:00  Zergling x8  
  92  12:12  Zerg Melee Weapons Level 2, Hive  
  92  12:13  Queen  
  94  12:18  Zergling x26  
  106  12:25  Corruptor x4  
  106  12:31  Zergling x2  
  106  12:32  Zergling x6  
  106  12:33  Corruptor x2  
  113  12:47  Pathogen Glands  
  113  12:50  Nydus Network  
  110  12:54  Zergling x16  
  110  12:55  Zergling x4  
  111  13:07  Overlord x4  
  111  13:12  Baneling  
  111  13:13  Baneling x4  
  111  13:37  Corruptor x2  
  115  13:44  Baneling  
  115  13:45  Baneling x4  
  115  13:47  Zergling x26  
  107  14:10  Zergling x16  
  107  14:13  Queen x4  
  107  14:29  Greater Spire  
  105  14:32  Zerg Melee Weapons Level 3  
  105  14:33  Adrenal Glands  
  105  14:35  Zerg Ground Armor Level 3, Ultralisk Cavern  
  102  14:55  Overlord, Drone x5  
  102  14:56  Overlord x2  
  107  15:10  Queen  
  108  15:15  Zergling x20  
  118  15:24  Zergling x6  
  118  15:27  Hatchery  
  113  15:31  Zergling x22  
  113  15:33  Drone  
  113  15:34  Extractor  
  123  15:37  Extractor  
  114  15:51  Brood Lord, Corruptor x4  
  116  16:11  Zergling x8  
  112  16:35  Corruptor  
  112  16:36  Corruptor x3  
  120  16:51  Zergling x6  
  120  16:52  Zergling x26  
  136  17:05  Queen  
  136  17:08  Zergling x10  
  137  17:28  Baneling x4, Extractor  
  137  17:29  Baneling x8  
  134  17:30  Zergling x16  
  134  17:32  Extractor  
  141  17:46  Nydus Canal  
  141  17:48  Zergling x26  
  128  18:13  Brood Lord  
  128  18:16  Brood Lord  
  128  18:18  Zergling x18  
  128  18:19  Zergling x10  
  149  18:40  Nydus Canal  
Tags
 
Add a new tag
Caveats
  • Supply blocks, unpowered buildings, or Contaminate may cause inaccurate times.
  • Supply counts are checked every 10 seconds.